 Dungeon Crawl Stone Soup version 0.20.0-10-g0535bb4 (webtiles) character file.

248 Gorglomux the Chopper (level 6, -10/57 HPs)
             Began as a Hill Orc Monk on June 4, 2017.
             Was a Believer of Beogh.
             Mangled by an iguana (11 damage)
             ... on level 4 of the Dungeon.
             The game lasted 00:03:10 (2960 turns).

Gorglomux the Chopper (Hill Orc Monk)               Turns: 2960, Time: 00:03:10

Health: -10/57     AC:  6    Str: 15    XL:     6   Next: 12%
Magic:  0/6        EV: 11    Int: 10    God:    Beogh [**....]
Gold:   154        SH:  0    Dex: 14    Spells: 5/5 levels left

rFire    . . .     SeeInvis .   s - +1 war axe
rCold    . . .     Gourm    .   (no shield)
rNeg     . . .     Faith    .   o - +1 ring mail
rPois    .         Spirit   +   (no helmet)
rElec    .         Reflect  .   (no cloak)
rCorr    .         Harm     .   (no gloves)
MR       .....     Rnd*Tele +   (no boots)
Stlth    +.........             k - amulet of guardian spirit
Regen    0.2/turn               t - ring of teleportation (curse)
MPRegen  0.1/turn               y - -6 ring of slaying (curse)

@: no status effects
A: no striking features
a: Smiting, Renounce Religion


You were on level 4 of the Dungeon.
You worshipped Beogh.
Beogh was pleased with you.
You were not hungry.

You visited 1 branch of the dungeon, and saw 4 of its levels.

You collected 154 gold pieces.

Inventory:

Hand Weapons
 a - a +0 hand axe
 s - a +1 war axe (weapon)
Armour
 b - a +0 robe
 o - a +1 ring mail (worn)
Jewellery
 k - an amulet of guardian spirit (around neck)
 t - a cursed ring of teleportation (left hand)
 y - a cursed -6 ring of slaying (right hand)
Scrolls
 M - a scroll of magic mapping
 R - a scroll of identify
Potions
 d - 2 potions of curing {unknown}
 f - 4 potions of flight
 h - 2 potions of degeneration {unknown}
 m - a potion of lignification {unknown}
 N - 2 potions of agility {unknown}
Books
 T - a book of Flames

   Spells                             Type                      Level
   a - Flame Tongue                   Conjuration/Fire             1
   b - Throw Flame                    Conjuration/Fire             2
   c - Conjure Flame                  Conjuration/Fire             3
   d - Inner Flame                    Hexes/Fire                   3
   e - Sticky Flame                   Conjuration/Fire             4
   f - Fireball                       Conjuration/Fire             5
Comestibles
 c - 4 bread rations
 p - a royal jelly
 r - 4 fruits
 S - a chunk of flesh


   Skills:
 + Level 6.2 Fighting
 + Level 6.7 Axes
 - Level 2.4 Dodging
 - Level 1.5 Stealth


You had 5 spell levels left.
You didn't know any spells.

Dungeon Overview and Level Annotations

Branches:
Dungeon (4/15)             Temple (0/1) D:4

Altars:
Elyvilon
Nemelex Xobeh
Ru


Message History

You are too injured to fight recklessly!
You are too injured to fight recklessly!
You are too injured to fight recklessly!
You barely miss the iguana.
The iguana is severely wounded.
The iguana bites you but does no damage.
The iguana bites you.
* * * LOW HITPOINT WARNING * * *
You barely miss the iguana.
The iguana is severely wounded.
The iguana barely misses you.
Some of the chunks of flesh in your inventory have rotted away.
You hit the iguana but do no damage.
The iguana is severely wounded.
The iguana bites you!
* * * LOW HITPOINT WARNING * * *
You hit the iguana but do no damage.
The iguana is severely wounded.
The iguana bites you!
You die...

...>.######.......#
#.....
.........##.#####.####
######
............##......>#
.....###.#####.##.##.#
.....###.### #.##.##.#
.....#.....# #....##.#
..#.##.....# #..####.#
#.#.##.....# #.l####.#
#.#.##.....# #..@....#
....##.<...# #####.###
....######## #)# #.#
#.# #.# ..# ###


You could see an iguana.

Vanquished Creatures
  3 orc wizards
  Terence (D:2)
  A worker ant (D:4)
  3 adders
  A worm (D:3)
  3 dart slugs
  2 leopard geckos
  10 orcs (D:3)
  2 ball pythons (D:2)
  6 bats
  3 giant cockroaches
  9 goblins
  5 hobgoblins
  10 jackals
  A quokka (D:3)
  3 frilled lizards (D:1)
  13 kobolds
  7 rats
83 creatures vanquished.

Vanquished Creatures (others)
  An orc priest (D:3)
  A goblin (D:3)
2 creatures vanquished.

Grand Total: 85 creatures vanquished

Notes
Turn   | Place    | Note
-------+----------+-------------------------------------------
     0 | D:1      | Gorglomux the Hill Orc Monk began the quest for the Orb.
     0 | D:1      | Reached XP level 1. HP: 19/19 MP: 1/1
   306 | D:1      | Reached XP level 2. HP: 27/27 MP: 2/2
   937 | D:2      | Reached XP level 3. HP: 31/34 MP: 3/3
  1097 | D:2      | Found a white marble altar of Elyvilon.
  1311 | D:2      | Found a sacrificial altar of Ru.
  1322 | D:2      | Reached XP level 4. HP: 31/42 MP: 4/4
  1484 | D:2      | Noticed Terence
  1493 | D:2      | Killed Terence
  1664 | D:3      | Reached XP level 5. HP: 39/48 MP: 5/5
  1723 | D:3      | Became a worshipper of Beogh the Brigand
  1723 | D:3      | Reached * piety under Beogh
  1723 | D:3      | Reached ** piety under Beogh
  2078 | D:3      | Reached skill level 6 in Axes
  2303 | D:3      | Found a sparkling altar of Nemelex Xobeh.
  2374 | D:3      | Reached skill level 6 in Fighting
  2705 | D:4      | Found a staircase to the Ecumenical Temple.
  2758 | D:4      | Reached XP level 6. HP: 57/57 MP: 6/6
  2959 | D:4      | HP: 1/57 [iguana (9)]
  2960 | D:4      | Mangled by an iguana

Skill      XL: |  1  2  3  4  5 |
---------------+----------------+-----
Fighting       | 4 5 6 |  6.2
Axes           | 5 6 |  6.7
Dodging        | |  2.4
Stealth        | |  1.5

Action                   |  1- 3 |  4- 6 || total
-------------------------+-------+-------++-------
Melee: Hand axe          |    89 |    76 ||   165
       War axe           |       |   125 ||   125
Invok: Convert to Beogh  |       |     1 ||     1
  Use: Scroll            |       |     8 ||     8
 Stab: Sleeping          |     3 |     2 ||     5
  Eat: Chunk             |     1 |     6 ||     7
Armor: Robe              |     8 |       ||     8
       Ring mail         |    16 |    69 ||    85
Dodge: Dodged            |    51 |    98 ||   149
